 Dungeon Crawl Stone Soup version 0.31.0-4-g52a2dc7128 (webtiles) character file.

Game seed: 335729028901568524

3775 ymhsbmbesitwf the Cleaver (level 9, -11/86 HPs)
             Began as a Minotaur Fighter on Jan 21, 2024.
             Was an Initiate of the Shining One.
             Mangled by a vault guard
             ... wielding a +0 broad axe
              (20 damage)
             ... in a bailey.
             The game lasted 00:16:40 (6001 turns).

ymhsbmbesitwf the Cleaver (Minotaur Fighter)        Turns: 6001, Time: 00:16:40

Health: -11/86     AC: 14    Str: 29    XL:     9   Next: 95%
Magic:  8/8        EV:  9    Int: 17    God:    the Shining One [......]
Gold:   73         SH:  9    Dex: 10    Spells: 8/8 levels left

rFire   . . .        a - +0 war axe
rCold   . . .        h - +0 kite shield
rNeg    . . .        I - +0 chain mail
rPois   +            (helmet restricted)
rElec   .            (no cloak)
rCorr   .            v - +0 pair of gloves
SInv    .            H - +2 pair of boots
Will    .....        m - amulet of faith Stlth
                     n - +6 ring of intelligence
HPRegen 0.34/turn    q - ring "Abiotysh" {rPois Str+4 Int+6}
MPRegen 0.11/turn

%: faith
@: mighty, glowing
A: horns 2, retaliatory headbutt
a: Renounce Religion


You were in a bailey.
You worshipped the Shining One.
The Shining One was noncommittal.
You visited 1 branch of the dungeon, and saw 7 of its levels.
You also visited: Bailey.

You collected 402 gold pieces.
You spent 329 gold pieces at shops.

Inventory:

Hand Weapons
 a - a +0 war axe (weapon)
 b - a +2 trident of venom
 J - a +2 heavy hand axe
Missiles
 l - 5 javelins (quivered)
 y - 3 boomerangs
 A - a throwing net
Armour
 c - a +0 buckler
 h - a +0 kite shield (worn)
 v - a +0 pair of gloves (worn)
 z - the +4 leather armour of Summer {Will+}
   (You found it on level 3 of the Dungeon)

   Will+:     It increases your willpower.
 D - a +2 leather armour of fire resistance
 H - a +2 pair of boots (worn)
 I - a +0 chain mail (worn)
Jewellery
 i - a ring of fire
 m - an amulet of faith (around neck)
 n - a +6 ring of intelligence (left hand)
 q - the ring "Abiotysh" (right hand) {rPois Str+4 Int+6}
   (You bought it in a shop on level 4 of the Dungeon)

   [ring of intelligence]

   Str+4:     It affects your strength (+4).
   Int+6:     It affects your intelligence (+6).
   rPois:     It protects you from poison
 F - a +5 ring of evasion
Scrolls
 f - a scroll of blinking {unknown}
 j - 2 scrolls of amnesia {unknown}
 p - 2 scrolls of poison {unknown}
 s - a scroll of silence {unknown}
 t - 4 scrolls of teleportation
 u - 2 scrolls of fear {unknown}
 w - 3 scrolls of enchant armour
 C - 4 scrolls of vulnerability
 E - 4 scrolls of revelation {unknown}
 G - a scroll of immolation {unknown}
Potions
 d - 4 potions of might
 e - 2 potions of heal wounds {unknown}
 g - 2 potions of lignification
 k - a potion of brilliance {unknown}
 o - 3 potions of curing
 r - a potion of resistance {unknown}
 x - a potion of magic {unknown}
 B - a potion of invisibility {unknown}


   Skills:
 * Level 10.8 Fighting
 * Level 10.8 Axes
 + Level 6.0 Armour
 + Level 5.0 Dodging
 + Level 5.8 Shields


You had 8 spell levels left.
You didn't know any spells.
Your spell library contained the following spells:

 Spells                   Type           Power      Damage    Failure   Level
 Apportation              Tloc           0%         N/A       86%         1
 Kiss of Death            Conj/Necr      0%         2d5       86%         1
 Necrotise                Necr           0%         1d4       86%         1
 Sting                    Conj/Alch      0%         1d3       86%         1
 Summon Small Mammal      Summ           0%         N/A       86%         1
 Cigotuvi's Dreadful Rot  Necr/Alch/Air  0%         N/A       94%         2
 Ensorcelled Hibernation  Hex/Ice        0%         N/A       94%         2
 Call Canine Familiar     Summ           0%         N/A       99%         3
 Confusing Touch          Hex            0%         N/A       99%         3
 Fugue of the Fallen      Necr           0%         N/A       99%         3
 Sigil of Binding         Hex            0%         N/A       99%         3
 Anguish                  Hex/Necr       0%         N/A       100%        4
 Dimensional Bullseye     Hex/Tloc       0%         N/A       100%        4
 Dispel Undead            Necr           0%         3d6       100%        4
 Ignite Poison            Fire/Alch      0%         N/A       100%        4
 Freezing Cloud           Conj/Ice/Air   0%         6-21      100%        5
 Summon Forest            Summ/Tloc      0%         N/A       100%        5
 Eringya's Noxious Bog    Alch           0%         4d6       100%        6
 Summon Hydra             Summ           0%         N/A       100%        7


Dungeon Overview and Level Annotations

Branches:
Dungeon (7/15)             Temple (0/1) D:7          Bailey (1/1)

Altars:
Cheibriados
Fedhas
Gozag
Kikubaaqudgha
Xom
Yredelemnul
The Shining One

Shops:
D:4 *??   D:7 *:

Annotations:
Bailey Prince Ribbit


Innate Abilities, Weirdness & Mutations

You have a pair of horns on your head.
You reflexively headbutt those who attack you in melee.


Message History

You slash the vault guard!
The vault guard is lightly wounded.
You barely miss Prince Ribbit. Prince Ribbit hits you.
The vault guard misses you. You furiously retaliate!
You headbutt the vault guard!
Prince Ribbit blinks!
You barely miss the vault guard.
You headbutt the vault guard, but do no damage.
The vault guard is moderately wounded.
The vault guard hits you with a +0 broad axe!
You slash the vault guard!
The vault guard is moderately wounded.
You block the vault guard's attack.
You hit the vault guard.
You headbutt the vault guard, but do no damage.
The vault guard is heavily wounded.
You miss Prince Ribbit.
The vault guard hits you with a +0 broad axe!
You block Prince Ribbit's attack.
You closely miss the vault guard.
The vault guard is heavily wounded.
You barely miss Prince Ribbit. Prince Ribbit hits you.
The vault guard completely misses you. You block Prince Ribbit's attack.
You hit the vault guard but do no damage.
You headbutt the vault guard!
The vault guard is heavily wounded.
You barely miss Prince Ribbit. You block the vault guard's attack.
Prince Ribbit hits you!
You barely miss the vault guard.
The vault guard is heavily wounded.
You slash Prince Ribbit!
The vault guard hits you with a +0 broad axe!
Prince Ribbit misses you.
The vault guard hits you with a +0 broad axe!
* * * LOW HITPOINT WARNING * * *
You feel very mighty all of a sudden.
Prince Ribbit hits you but does no damage.
Prince Ribbit hits you!
* * * LOW HITPOINT WARNING * * *
The vault guard hits you with a +0 broad axe!!
You die...

#≈~.~≈≈~≈#
#≈~..~~~≈##
##≈~.~~~~~≈#
#≈~~.~.~~~≈#
##≈~~...~~~≈#
+###≈~....~~~~≈#
.≈≈≈~.....~~~~≈#
#........~.~~≈##
#~~~....@F.~~≈#
##~~~##p##~~≈##
##~##... #≈##
###.... ##
#..∩.. #.....
#.....# #(!.


You could see a vault guard and Prince Ribbit.

Vanquished Creatures
  Jeremiah (D:7)
  Grinder (D:5)
  5 humans (Bailey)
  A steam dragon (D:7)
  A water moccasin (D:5)
  Duvessa (D:4)
  3 ice beasts (D:6)
  2 black bears
  An ogre (D:6)
  3 phantoms
  11 bullfrogs
  A scorpion (D:5)
  Dowan (D:4)
  2 bombardier beetles
  4 hounds
  An orc priest (D:7)
  A jelly (D:5)
  5 iguanas
  Natasha (thrice) (D:4)
  2 orc wizards (D:6)
  6 gnolls
  7 adders
  A shadow imp (D:6)
  3 white imps
  3 dart slugs
  A ribbon worm (D:5)
  19 orcs
  11 ball pythons
  6 endoplasms
  3 giant cockroaches
  16 goblins
  10 hobgoblins
  4 jackals (D:4)
  A kobold (D:1)
  A quokka (D:1)
  2 bats (D:3)
  4 frilled lizards
  5 rats
153 creatures vanquished.

Notes
Turn   | Place    | Note
-------+----------+-------------------------------------------
     0 | D:1      | ymhsbmbesitwf the Minotaur Fighter began the quest for the
                  | Orb.
     0 | D:1      | Reached XP level 1. HP: 19/19 MP: 0/0
   173 | D:1      | Reached XP level 2. HP: 27/27 MP: 1/1
   396 | D:1      | Reached skill level 1 in Dodging
   610 | D:2      | Reached XP level 3. HP: 33/33 MP: 2/2
  1051 | D:3      | Reached XP level 4. HP: 40/41 MP: 3/3
  1144 | D:3      | You fall into a shaft and drop 3 floors!
  1241 | D:6      | Reached skill level 5 in Fighting
  1241 | D:6      | Reached XP level 5. HP: 32/48 MP: 4/4
  1252 | D:5      | Entered Level 5 of the Dungeon
  1362 | D:5      | Reached XP level 6. HP: 56/57 MP: 5/5
  1436 | D:3      | Identified the +4 leather armour of Summer {Will+}
  1544 | D:3      | Reached skill level 5 in Axes
  2200 | D:4      | Found Umenwuxt's Magic Scroll Boutique.
  2205 | D:4      | Bought a scroll of identify for 28 gold pieces
  2205 | D:4      | Bought a scroll of noise for 14 gold pieces
  2225 | D:4      | Noticed Natasha
  2234 | D:4      | Killed Natasha
  2378 | D:4      | Noticed Duvessa
  2394 | D:4      | Noticed Dowan
  2403 | D:4      | Killed Duvessa
  2414 | D:4      | Killed Dowan
  2415 | D:4      | Reached XP level 7. HP: 9/64 MP: 6/6
  2840 | D:4      | Found an ancient bone altar of Kikubaaqudgha.
  2844 | D:4      | Found a blossoming altar of Fedhas.
  2900 | D:4      | Noticed Natasha
  2905 | D:4      | Killed Natasha
  2949 | D:4      | Found Iraorgh's Assorted Antiques.
  2954 | D:4      | Bought a pitted marble ring for 115 gold pieces
  2954 | D:4      | Identified the ring "Abiotysh" {rPois Str+4 Int+6} (You
                  | bought it in a shop on level 4 of the Dungeon)
  3029 | D:4      | Identified the +1 dagger "Feolesk" {holy, +Blink Int+2
                  | Dex+3}
  3030 | D:4      | Found Xepruim's Magic Scroll Shoppe.
  3308 | D:4      | Noticed Natasha
  3314 | D:4      | Killed Natasha
  3534 | D:5      | Found an opulent altar of Gozag.
  3723 | D:5      | Reached XP level 8. HP: 68/74 MP: 7/7
  3929 | D:5      | Noticed Grinder
  3938 | D:5      | Killed Grinder
  4627 | D:6      | Found a shimmering altar of Xom.
  4901 | D:6      | Found a glowing golden altar of the Shining One.
  4958 | D:4      | Bought a pair of glowing boots for 172 gold pieces
  5025 | D:7      | Reached XP level 9. HP: 84/84 MP: 8/8
  5077 | D:7      | Found Fyphar's Elemental Accessories.
  5084 | D:7      | Noticed Jeremiah
  5103 | D:7      | Found Cogeniwe's Self-Improvement Boutique.
  5191 | D:7      | Killed Jeremiah
  5192 | D:7      | Reached skill level 5 in Armour
  5298 | D:7      | Reached skill level 10 in Fighting
  5298 | D:7      | Reached skill level 10 in Axes
  5298 | D:7      | Reached skill level 5 in Shields
  5300 | D:7      | Found a staircase to the Ecumenical Temple.
  5363 | D:7      | Found a flagged portal.
  5438 | D:6      | Found a snail-covered altar of Cheibriados.
  5438 | D:6      | Found a basalt altar of Yredelemnul.
  5442 | D:6      | Became a worshipper of the Shining One
  5490 | Bailey   | Entered a bailey
  5933 | Bailey   | Reached skill level 5 in Dodging
  5984 | Bailey   | Noticed Prince Ribbit
  5984 | Bailey   | Noticed a vault guard
  6001 | Bailey   | Mangled by a vault guard

Illustrated notes

Levels and vault maps discovered:
D:1:      amcnicky_arrival_gap_in_the_tavern_cellar, layout_basic
D:2:      layout_rooms
D:3:      layout_loops_cross, kennysheep_another_room
D:4:      cheibrodos_helix_gallery, layout_loops_ring,
          grunt_temple_overflow_growth_and_decay, serial_shops, shop_statue,
          nicolae_shop_rolled_up, shop, uniq_natasha, uniq_duvessa
D:5:      layout_basic, marbit_many_paths, minmay_misc_feat_roman,
          serial_bayou_lagoon_a, uniq_grinder
D:6:      layout_cave_pools, nicolae_overflow_hidden_temple, minmay_bent
D:7:      layout_basic, minmay_temple_entry_nine_rooms, enter_bailey_5,
          nicolae_elemental_shop, nicolae_shop_self_help, uniq_jeremiah
Bailey:   bailey_axe_froggy_fort_hellmonk, bailey

Skill      XL: |  1  2  3  4  5  6  7  8  9 |
---------------+----------------------------+-----
Fighting       | 4 5 6 8 9 10 | 10.8
Dodging        | 1 2 3 5 |  5.0
Axes           | 3 4 6 7 9 10 | 10.8
Armour         | 4 6 |  6.0
Shields        | 4 5 |  5.8

Action                     |  1- 3 |  4- 6 |  7- 9 || total
---------------------------+-------+-------+-------++-------
  Melee: War axe           |    67 |   110 |   234 ||   411
         Headbutt          |     8 |    16 |    44 ||    68
  Throw: Javelin           |       |     1 |       ||     1
    Use: Scroll            |       |     3 |     3 ||     6
         Potion            |       |       |     1 ||     1
 Armour: Scale mail        |    43 |    26 |       ||    69
         Leather armour    |       |    50 |   110 ||   160
         Chain mail        |       |       |    60 ||    60
  Dodge: Dodged            |    29 |    54 |   103 ||   186
  Block: Buckler           |    14 |    18 |    21 ||    53
         Kite shield       |       |       |    44 ||    44
